[Event "*** Biggest EVER Titled Tuesday"]
[Site "Chess.com"]
[Date "2018.04.17"]
[Round "1"]
[White "BIG_Pirate"]
[Black "Dedic8"]
[Result "1/2-1/2"]
[WhiteElo "2281"]
[BlackElo "2597"]
[TimeControl "180+2"]
[EndTime "13:00:52 PDT"]
[Termination "Game drawn by agreement"]

1. Nf3 Nf6 2. c4 e6 3. g3 d5 4.
Bg2 Be7 5. O-O O-O 6. d4 dxc4 7. Qc2 a6 8. a4 Bd7 9. Rd1 Bc6 10. Nc3 Bxf3 11. Bxf3 Nc6 1/2-1/2

[Event "*** Biggest EVER Titled Tuesday"]
[Site "Chess.com"]
[Date "2018.04.17"]
[Round "1"]
[White "rst2003"]
[Black "Boryboy"]
[Result "0-1"]
[WhiteElo "2214"]
[BlackElo "2557"]
[TimeControl "180+2"]
[EndTime "13:02:26 PDT"]
[Termination "Boryboy won by resignation"]

1. e4 e6 2. d4 d5 3. Nd2 f5 4. exf5 exf5 5. Ngf3 Bd6 6. Ne5 Nf6 7.
Ndf3 O-O 8. Bd3 c6 9. O-O Ne4 10. c4 Be6 11. Qc2 Nd7 12. b3 Nxe5 13. dxe5 Be7 14.
Nd4 Qd7 15. Nxe6 Qxe6 16. f4 Rfd8 17. Bb2 Rac8 18. Rad1 Bc5+ 19. Kh1 Ng3+ 0-1

[Event "*** Biggest EVER Titled Tuesday"]
[Site "Chess.com"]
[Date "2018.04.17"]
[Round "1"]
[White "Keaton87"]
[Black "DACF2905"]
[Result "1-0"]
[WhiteElo "2459"]
[BlackElo "2032"]
[TimeControl "180+2"]
[EndTime "13:02:36 PDT"]
[Termination "Keaton87 won by resignation"]

1. d4 Nf6 2. Bg5 e6 3. e4 h6 4. Bxf6 Qxf6 5. c3 g6 6. Nd2 Bg7 7. Bd3 O-O 8. Ne2 Qe7 9. O-O c5 10. f4 b6 11. Qc2 Nc6 12. d5 exd5 13. exd5 Qe3+ 14. Kh1 Ne7 15. Nc4 Nxd5 16. Nxe3 Nxe3 17. Qd2 Nxf1 18. Rxf1 d5 19. f5 Kh7 20. fxg6+ fxg6 21. Rxf8 Bxf8 22. Nf4 Bf5 23. Bxf5 gxf5 24. Qxd5 Re8 25.
Qf7+ 1-0

[Event "*** Biggest EVER Titled Tuesday"]
[Site "Chess.com"]
[Date "2018.04.17"]
[Round "1"]
[White "ArnaudovP"]
[Black "Renegade_Hitman"]
[Result "1-0"]
[WhiteElo "2471"]
[BlackElo "2075"]
[TimeControl "180+2"]
[EndTime "13:02:44 PDT"]
[Termination "ArnaudovP won by checkmate"]

1. Nf3 e6 2. d4 d5 3. c4 Nf6 4. g3 Bb4+ 5. Nbd2 O-O 6. Qc2 c6 7. Bg2 Nbd7 8. O-O b6 9. a3 Bd6 10. e4 dxe4 11. Nxe4 Nxe4 12. Qxe4 Bb7 13. Rd1 Nf6 14. Qc2 Qc7 15. c5 Be7 16. Bf4 Qd8 17. Ne5 Nd5 18. cxb6 Qxb6 19. Nd7 Qb5 20. Nxf8 Nxf4 21.
Qxh7+ Kxf8 22. Qh8# 1-0

[Event "*** Biggest EVER Titled Tuesday"]
[Site "Chess.com"]
[Date "2018.04.17"]
[Round "1"]
[White "Arystanner23"]
[Black "ChessMavenYeti"]
[Result "1-0"]
[WhiteElo "2487"]
[BlackElo "2105"]
[TimeControl "180+2"]
[EndTime "13:02:46 PDT"]
[Termination "Arystanner23 won by resignation"]

1. e4 e5 2. Nf3 Nf6 3. Nxe5 d6 4. Nc4 Nxe4 5. Qe2 Qe7 6. Ne3 c6 7. c4 Nd7 8. Nc3 Ndf6 9. Nxe4 Qxe4 10. d3 Qe5 11. g3 d5 12. cxd5 Bb4+ 13. Bd2 Qxb2 14. Nc4+ 1-0

[Event "*** Biggest EVER Titled Tuesday"]
[Site "Chess.com"]
[Date "2018.04.17"]
[Round "1"]
[White "nOcHeaTiNgKiD"]
[Black "Dr-Bassem"]
[Result "0-1"]
[WhiteElo "2380"]
[BlackElo "2724"]
[TimeControl "180+2"]
[EndTime "13:02:47 PDT"]
[Termination "Dr-Bassem won by resignation"]

1. d4 e6 2. Nf3 f5 3. Bf4 Nf6 4.
e3 b6 5. h3 Bb7 6. Nbd2 Bd6 7. Bd3 O-O 8. a4 Nc6 9. c3 Qe8 10. Nc4 Bxf4 11. exf4 Ne7 12. Qe2 Ned5 13. g3 Qh5 14. Nfd2 Nxf4 15. gxf4 Bxh1 0-1

[Event "*** Biggest EVER Titled Tuesday"]
[Site "Chess.com"]
[Date "2018.04.17"]
[Round "1"]
[White "TastyFrenchFries"]
[Black "joppie2"]
[Result "0-1"]
[WhiteElo "2310"]
[BlackElo "2639"]
[TimeControl "180+2"]
[EndTime "13:03:30 PDT"]
[Termination "joppie2 won by resignation"]

1. e3 e5 2. Na3 d5 3. d4 exd4 4. exd4 Nf6 5. c3 Bd6 6. Nf3 O-O 7. Be2 h6 8. O-O Re8 9. Nc2 Nc6 10. Re1 Ne4 11.
Ne3 Be6 12. c4 Bb4 13. Rf1 Bf8 14. cxd5 Bxd5 15. Nxd5 Qxd5 16. Be3 Nd6 17. Rc1 Nf5 18.
Rc5 Bxc5 0-1

[Event "*** Biggest EVER Titled Tuesday"]
[Site "Chess.com"]
[Date "2018.04.17"]
[Round "1"]
[White "JustKid"]
[Black "FLchessplayer"]
[Result "1-0"]
[WhiteElo "2448"]
[BlackElo "1972"]
[TimeControl "180+2"]
[EndTime "13:03:35 PDT"]
[Termination "JustKid won by resignation"]

1. d4 Nf6 2. Bf4 d6 3. Nf3 c6 4.
c3 Qc7 5. h3 Nbd7 6. Bh2 e5 7.
e3 e4 8. Nfd2 Qb6 9. Nc4 Qc7 10.
a4 b6 11. Nbd2 a6 12. Qc2 Be7 13. Nxe4 O-O 14. Nexd6 b5 15. Nxb5 Qxh2 16. Rxh2 cxb5 17. axb5 Bb7 18. bxa6 Bd5 19. Ne5 Rfb8 20. c4 Be4 21. Bd3 Bxd3 22. Nxd3 Bd6 23. Rh1 Rc8 24. c5 Bf8 25. b4 Nd5 26. Ke2 Rcb8 27. Rhb1 f5 28. b5 g6 29. b6 1-0

[Event "*** Biggest EVER Titled Tuesday"]
[Site "Chess.com"]
[Date "2018.04.17"]
[Round "1"]
[White "shyam"]
[Black "Too_Stupid_To_Play"]
[Result "1-0"]
[WhiteElo "2566"]
[BlackElo "2231"]
[TimeControl "180+2"]
[EndTime "13:03:47 PDT"]
[Termination "shyam won by resignation"]

1. e4 e5 2. Nf3 Nc6 3. Bb5 a6 4. Ba4 Nf6 5. d3 b5 6. Bb3 Bb7 7. Nc3 Bc5 8. Nd5 h6 9. a3 O-O 10. O-O Re8 11. Be3 Bxe3 12. Nxf6+ Qxf6 13. fxe3 Na5 14. Nd2 Qg5 15. Bxf7+ Kh8 16. Bxe8 Rxe8 17. Qf3 1-0

[Event "*** Biggest EVER Titled Tuesday"]
[Site "Chess.com"]
[Date "2018.04.17"]
[Round "1"]
[White "ehrenfeld"]
[Black "Abdodi"]
[Result "1-0"]
[WhiteElo "2463"]
[BlackElo "2055"]
[TimeControl "180+2"]
[EndTime "13:03:47 PDT"]
[Termination "ehrenfeld won by resignation"]

1. e4 c6 2. d4 d5 3. exd5 cxd5 4. Bd3 Nc6 5. c3 Qc7 6. Ne2 Bg4 7. O-O Nf6 8. Qe1 Bxe2 9. Qxe2 e6 10. Nd2 Bd6 11. g3 O-O 12. f4 Ne7 13. Nf3 Nf5 14. Bd2 Rfe8 15. Rae1 h6 16. Kh1 Ng4 17. Ne5 Nxe5 18.
fxe5 Bf8 19. Bxf5 exf5 20. Rxf5 g6 21. Rf3 Bg7 22. Qf2 Re7 23. Rf1 Rf8 24. Bc1 Qa5 25. a3 Qc7 26. g4 Qd7 27. Qh4 g5 28. Qg3 Qe6 29. h4 gxh4 30. Qxh4 Rc7 31. Rf6 Qa6 32.
Rxa6 bxa6 33. Bxh6 1-0

[Event "*** Biggest EVER Titled Tuesday"]
[Site "Chess.com"]
[Date "2018.04.17"]
[Round "1"]
[White "almatyonelove"]
[Black "lachesisQ"]
[Result "0-1"]
[WhiteElo "2433"]
[BlackElo "2955"]
[TimeControl "180+2"]
[EndTime "13:03:51 PDT"]
[Termination "lachesisQ won by resignation"]

1. d4 Nf6 2. c4 g6 3. Nc3 d5 4.
Bg5 Ne4 5. Bh4 Nxc3 6. bxc3 dxc4 7. e3 Be6 8. Nf3 Bg7 9. Be2 O-O 10. O-O c5 11.
Qb1 b6 12. Rd1 Nd7 13. Nd2 cxd4 14. cxd4 Rc8 15. Qc2 b5 16. Rab1 Qa5 17. Bxe7 Rfe8 18. Bb4 Qc7 19. Bf3 a5 20. Bc3 b4 21. Ba1 c3 22. Nf1 Nb6 23. d5 Bd7 24. d6 Qa7 25.
Rdc1 Nc4 26. Rb3 Ba4 27. Rd1 Red8 0-1

[Event "*** Biggest EVER Titled Tuesday"]
[Site "Chess.com"]
[Date "2018.04.17"]
[Round "1"]
[White "mukhin1"]
[Black "Bauxi435"]
[Result "1-0"]
[WhiteElo "2914"]
[BlackElo "2431"]
[TimeControl "180+2"]
[EndTime "13:03:57 PDT"]
[Termination "mukhin1 won by resignation"]

1. d4 Nf6 2. c4 e6 3. Nf3 d5 4.
Bg5 dxc4 5. Nc3 Bb4 6. e4 b5 7.
e5 h6 8. exf6 hxg5 9. fxg7 Rg8 10. a4 Bb7 11. axb5 Nd7 12. Bxc4 g4 13. Nd2 Rxg7 14.
Qb3 Bd6 15. Nde4 Nb6 16. O-O-O Bf4+ 17. Kb1 Nxc4 18. Qxc4 a6 19. d5 e5 20. d6 Rc8 21. d7+ 1-0

[Event "*** Biggest EVER Titled Tuesday"]
[Site "Chess.com"]
[Date "2018.04.17"]
[Round "1"]
[White "Alexander_Moskalenko"]
[Black "StellarChessPro"]
[Result "1-0"]
[WhiteElo "2709"]
[BlackElo "2374"]
[TimeControl "180+2"]
[EndTime "13:04:01 PDT"]
[Termination "Alexander_Moskalenko won by resignation"]

1. d4 d5 2. Bf4 Nf6 3. e3 g6 4. Nc3 c6 5. h4 h5 6. Nf3 Qa5 7.
Qd2 Nbd7 8. Be2 e6 9. a3 Qd8 10. Ng5 Nb6 11. O-O-O Nc4 12. Bxc4 dxc4 13. e4 b5 14. d5 cxd5 15. exd5 Nxd5 16. Nxd5 Qxd5 17. Qc3 Qf5 18. Bc7 Bd7 19. Qxh8 Rc8 20. Bd6 Qf4+ 21.
Bxf4 1-0

[Event "*** Biggest EVER Titled Tuesday"]
[Site "Chess.com"]
[Date "2018.04.17"]
[Round "1"]
[White "TheBigBoss04"]
[Black "Eliwood44"]
[Result "1-0"]
[WhiteElo "2526"]
[BlackElo "2158"]
[TimeControl "180+2"]
[EndTime "13:04:04 PDT"]
[Termination "TheBigBoss04 won by resignation"]

1. d4 Nf6 2. c4 e6 3. Nc3 d5 4.
cxd5 exd5 5. Bg5 c6 6. e3 Nbd7 7. Bd3 Be7 8. Qc2 h6 9. Bf4 Nh5 10. Nge2 Nxf4 11. Nxf4 Bd6 12. Nh5 Qg5 13. Ng3 Nf8 14. e4 dxe4 15. Ngxe4 Qe7 16. O-O Be6 17. Rfe1 a6 18. d5 cxd5 19. Nxd5 Qd8 20. Nxd6+ Qxd6 21. Nc7+ 1-0

[Event "*** Biggest EVER Titled Tuesday"]
[Site "Chess.com"]
[Date "2018.04.17"]
[Round "1"]
[White "Karina_Oparina"]
[Black "FMJoseHerrera"]
[Result "1-0"]
[WhiteElo "2146"]
[BlackElo "2487"]
[TimeControl "180+2"]
[EndTime "13:04:06 PDT"]
[Termination "Karina_Oparina won by resignation"]

1. d4 Nf6 2. c4 c5 3. Nf3 g6 4. g3 Bg7 5. Bg2 O-O 6. O-O cxd4 7. Nxd4 Nc6 8. Nc3 a6 9. Nc2 d6 10. b3 Bd7 11. Bb2 Rc8 12. Ne3 h5 13. Qd2 Ne5 14.
Ncd5 Nxd5 15. Nxd5 b5 16. cxb5 Bxb5 17. Rac1 h4 18.
Rxc8 Qxc8 19. Nxe7+ Kh7 20. Nxc8 Rxc8 21. Rc1 Re8 22. e3 h3 23. Bxe5 dxe5 24. Bxh3 Bf6 25.
a4 Rd8 26. Qxd8 Bxd8 27. axb5 axb5 28. Rc5 1-0

[Event "*** Biggest EVER Titled Tuesday"]
[Site "Chess.com"]
[Date "2018.04.17"]
[Round "1"]
[White "Fighterman91"]
[Black "goldenspine"]
[Result "1-0"]
[WhiteElo "2604"]
[BlackElo "2270"]
[TimeControl "180+2"]
[EndTime "13:04:21 PDT"]
[Termination "Fighterman91 won by resignation"]

1. e4 e6 2. d4 d5 3. Nc3 Bb4 4. exd5 exd5 5. Bd3 Ne7 6. Nf3 Nbc6 7. a3 Bxc3+ 8. bxc3 Bf5 9. O-O Qd7 10. Rb1 Na5 11. Ne5 Qd6 12. Bf4 Qf6 13. Qd2 Bxd3 14. cxd3 O-O 15. Nd7 Qc6 16. Nxf8 Rxf8 17. Rfe1 Ng6 18.
Bg3 b6 19. h4 Qd7 20. h5 Ne7 21. h6 g6 22. Bh4 f6 23. Bg3 Nac6 24. Qf4 Rc8 25.
Qxf6 1-0

[Event "*** Biggest EVER Titled Tuesday"]
[Site "Chess.com"]
[Date "2018.04.17"]
[Round "1"]
[White "michaelk123"]
[Black "Yaacovn"]
[Result "0-1"]
[WhiteElo "2354"]
[BlackElo "2668"]
[TimeControl "180+2"]
[EndTime "13:04:23 PDT"]
[Termination "Yaacovn won by resignation"]

1. e4 c6 2. Nf3 d5 3. Nc3 dxe4 4. Nxe4 Nf6 5. Qe2 Bg4 6. h3 Bh5 7. Nxf6+ gxf6 8. d3 Nd7 9. Bd2 e6 10. Bc3 Qb6 11.
g4 Bg6 12. Nh4 Bb4 13. Qd2 Bxc3 14. Qxc3 O-O-O 15. Bg2 Ne5 16. f4 Qe3+ 17. Kf1 Nxd3 18. cxd3 Bxd3+ 19. Qxd3 Qxd3+ 20. Kg1 Qe3+ 0-1

[Event "*** Biggest EVER Titled Tuesday"]
[Site "Chess.com"]
[Date "2018.04.17"]
[Round "1"]
[White "Superfelix"]
[Black "GrigorGrigorov"]
[Result "0-1"]
[WhiteElo "2346"]
[BlackElo "2659"]
[TimeControl "180+2"]
[EndTime "13:04:24 PDT"]
[Termination "GrigorGrigorov won by checkmate"]

1. e4 d5 2. exd5 Qxd5 3. Nf3 Bg4 4. Be2 Nc6 5. O-O O-O-O 6. Nc3 Qd7 7. b4 e6 8. b5 Bxf3 9. Bxf3 Nd4 10. a4 Bb4 11. Bb2 Nf6 12. d3 h5 13. Ne4 Nxe4 14. Bxe4 f5 15. Bf3 g5 16. g3 h4 17. Bg2 hxg3 18.
fxg3 Bc5 19. Rf2 g4 20. Kh1 Rh6 21. c3 Nf3 22. Rxf3 Rxh2+ 23. Kxh2 Qh7+ 24. Bh3 Qxh3# 0-1

[Event "*** Biggest EVER Titled Tuesday"]
[Site "Chess.com"]
[Date "2018.04.17"]
[Round "1"]
[White "Cecile-Haussernot"]
[Black "Bryakin_Mikhail"]
[Result "0-1"]
[WhiteElo "2309"]
[BlackElo "2635"]
[TimeControl "180+2"]
[EndTime "13:04:25 PDT"]
[Termination "Bryakin_Mikhail won by resignation"]

1. e4 c6 2. Ne2 d5 3. e5 c5 4.
d4 Nc6 5. c3 cxd4 6. cxd4 Bf5 7. Na3 e6 8. Qb3 Qb6 9. Qxb6 axb6 10. Nb5 Kd7 11. Bd2 Bb4 12. Nbc3 Bd3 13. O-O-O Bxe2 14.
Bxe2 Nxd4 15. Bd3 Nc6 16. f4 Bxc3 17. Bxc3 Rxa2 18. f5 Nge7 19. Rhf1 exf5 20. Bxf5+ Nxf5 21. Rxf5 Ra1+ 22. Kc2 Rxd1 23. Kxd1 Ke6 24. Rg5 g6 25. Rg3 d4 26. Bd2 Nxe5 27. Rb3 Nc4 28. Rb4 Kd5 29. Rb5+ Ke4 30. Bg5 Ra8 31. Kc2 Rc8 32.
Kd1 Rc5 0-1

[Event "*** Biggest EVER Titled Tuesday"]
[Site "Chess.com"]
[Date "2018.04.17"]
[Round "1"]
[White "GameOverBro"]
[Black "PawnEatingZombie"]
[Result "1-0"]
[WhiteElo "2454"]
[BlackElo "2000"]
[TimeControl "180+2"]
[EndTime "13:04:28 PDT"]
[Termination "GameOverBro won by resignation"]

1. e4 c5 2. Ne2 Nc6 3. Nbc3 g6 4. d4 cxd4 5. Nxd4 Bg7 6. Nde2 d6 7. g3 Nf6 8. Bg2 O-O 9. O-O Bd7 10. a4 Rc8 11. Nd5 Re8 12. c3 Ne5 13.
h3 a6 14. Ra2 Nxd5 15. exd5 b5 16. axb5 axb5 17. Kh2 Ra8 18. Rxa8 Qxa8 19. Nd4 Qb7 20. Re1 b4 21. f4 Nc4 22. b3 Na5 23. c4 Qa6 24. Be3 Nb7 25. Nc6 Bxc6 26. dxc6 Nc5 27.
Bxc5 dxc5 28. Qd7 Qc8 29. Rxe7 Bd4 30. Rxe8+ 1-0

[Event "*** Biggest EVER Titled Tuesday"]
[Site "Chess.com"]
[Date "2018.04.17"]
[Round "1"]
[White "SloLev"]
[Black "Bigfish1995"]
[Result "0-1"]
[WhiteElo "2403"]
[BlackElo "2780"]
[TimeControl "180+2"]
[EndTime "13:04:49 PDT"]
[Termination "Bigfish1995 won by resignation"]

1. e4 c5 2. c3 e6 3. d4 d5 4.
exd5 exd5 5. Nf3 Nf6 6. Bg5 Nc6 7. Be2 Be6 8. O-O h6 9. Bh4 g5 10. Bg3 Ne4 11. dxc5 Bxc5 12. b4 Bb6 13. b5 Nxg3 14. hxg3 Na5 15. Nd4 Qf6 16. Nxe6 fxe6 17. Bh5+ Kd7 18.
Qf3 Rhf8 19. Qxf6 Rxf6 20. Nd2 Raf8 21. Nf3 Nc4 22. Rfe1 Kd6 23. Rad1 Rg8 24. Bg4 h5 25. Bxh5 g4 26. Nh2 Bxf2+ 27. Kh1 Bxe1 28. Rxe1 Rh6 0-1

[Event "*** Biggest EVER Titled Tuesday"]
[Site "Chess.com"]
[Date "2018.04.17"]
[Round "1"]
[White "ABDELAZEEZ-M"]
[Black "Witik"]
[Result "0-1"]
[WhiteElo "2268"]
[BlackElo "2601"]
[TimeControl "180+2"]
[EndTime "13:04:50 PDT"]
[Termination "Witik won by resignation"]

1. d4 Nf6 2. Nf3 g6 3. c4 c5 4.
d5 b5 5. cxb5 a6 6. b6 Bg7 7.
Nc3 O-O 8. e4 d6 9. Be2 Nbd7 10.
b7 Bxb7 11. O-O Qc7 12. h3 e6 13. dxe6 fxe6 14. Bf4 Nxe4 15. Nxe4 Rxf4 16. Nxd6 Bd5 17.
g3 Rxf3 18. Bxf3 Qxd6 19. Re1 Bd4 20. Bxd5 exd5 21. Re2 Qxg3+ 22. Kf1 Qxh3+ 23. Ke1 Ne5 24. Rxe5 Qh1+ 25. Kd2 Qxd1+ 26. Rxd1 Bxe5 27. Kc2 Rd8 0-1

[Event "*** Biggest EVER Titled Tuesday"]
[Site "Chess.com"]
[Date "2018.04.17"]
[Round "1"]
[White "toad"]
[Black "FCChelsea14"]
[Result "0-1"]
[WhiteElo "2227"]
[BlackElo "2563"]
[TimeControl "180+2"]
[EndTime "13:04:50 PDT"]
[Termination "FCChelsea14 won by resignation"]

1. d4 Nf6 2. c4 e6 3. g3 d5 4. Nf3 Bb4+ 5. Bd2 Be7 6. Bg2 O-O 7. O-O c6 8. Qc2 b6 9. Rd1 Ba6 10. Ne5 Nfd7 11. cxd5 cxd5 12. Bf4 Nxe5 13. Bxe5 Bb7 14.
Nc3 Nc6 15. Bf4 Rc8 16. Qa4 a6 17. Rac1 b5 18. Qc2 Qb6 19. Be3 Bf6 20. Bxd5 Nb4 21.
Qb3 Nxd5 22. Ne4 Nxe3 23. Nxf6+ gxf6 24. Qxe3 Qd6 25. Qh6 Qd5 26. f3 Qg5 27. Qxg5+ fxg5 28. e4 Rxc1 29. Rxc1 Rc8 30. Rc5 Rxc5 31. dxc5 g4 0-1

[Event "*** Biggest EVER Titled Tuesday"]
[Site "Chess.com"]
[Date "2018.04.17"]
[Round "1"]
[White "Angry_Twin"]
[Black "JozefKneht"]
[Result "1-0"]
[WhiteElo "2732"]
[BlackElo "2383"]
[TimeControl "180+2"]
[EndTime "13:04:59 PDT"]
[Termination "Angry_Twin won by resignation"]

1. e4 c5 2. Nf3 d6 3. Bb5+ Bd7 4. Bxd7+ Qxd7 5. c4 Nc6 6. Nc3 Nf6 7. O-O g6 8. d4 cxd4 9. Nxd4 Bg7 10. Nde2 O-O 11. f3 Rfc8 12. b3 a6 13. Be3 Ne5 14. Na4 Rc6 15.
Nb6 Qd8 16. Nxa8 Qxa8 17. Qd2 b5 18. Nd4 Rc7 19. cxb5 axb5 20. Nxb5 Rb7 21. a4 Nfd7 22. Rac1 Qa6 23. Rfd1 Nc5 24. Bxc5 dxc5 25. Qd8+ Bf8 26. Rxc5 Rxb5 27. Rxb5 Qa7+ 28. Qb6 Qxb6+ 29. Rxb6 e6 30. Rb8 Kg7 31. Rxf8 Kxf8 32. a5 Ke7 33. a6 Nc6 34. b4 Nb8 35. a7 1-0

[Event "*** Biggest EVER Titled Tuesday"]
[Site "Chess.com"]
[Date "2018.04.17"]
[Round "1"]
[White "Kislov_Oleg"]
[Black "Muradore"]
[Result "1-0"]
[WhiteElo "2280"]
[BlackElo "2578"]
[TimeControl "180+2"]
[EndTime "13:05:06 PDT"]
[Termination "Kislov_Oleg won by resignation"]

1. e4 c6 2. d4 d5 3. Nc3 dxe4 4. Nxe4 Nf6 5. Nxf6+ exf6 6. c3 Bd6 7. Bd3 O-O 8. Ne2 Re8 9. O-O Nd7 10. Bf4 Nf8 11. Qd2 Bg4 12. f3 Bh5 13. Bxd6 Qxd6 14.
Nf4 Bg6 15. Nxg6 hxg6 16. Rfe1 g5 17. g3 g6 18. Bc4 Kg7 19. Rxe8 Rxe8 20. Re1 Rxe1+ 21.
Qxe1 Ne6 22. Kf2 b5 23. Bb3 a5 24. a3 a4 25. Bxe6 Qxe6 26. Qxe6 fxe6 27. Ke3 f5 28. f4 Kf6 29. Kd3 gxf4 30. gxf4 g5 31. Ke3 Kg6 32.
Kf3 Kh5 33. fxg5 Kxg5 34. Kg3 Kh5 35. Kh3 f4 36. Kg2 Kg4 37. Kf2 f3 38. Ke3 1-0

[Event "*** Biggest EVER Titled Tuesday"]
[Site "Chess.com"]
[Date "2018.04.17"]
[Round "1"]
[White "DanielNaroditsky"]
[Black "rezacz"]
[Result "0-1"]
[WhiteElo "2826"]
[BlackElo "2442"]
[TimeControl "180+2"]
[EndTime "13:05:15 PDT"]
[Termination "rezacz won by resignation"]

1. e4 e5 2. Nf3 Nc6 3. Bb5 a6 4. Ba4 Nf6 5. O-O Be7 6. Re1 b5 7. Bb3 d6 8. c3 O-O 9. h3 Na5 10. Bc2 c5 11. d4 Nd7 12. Nbd2 exd4 13. cxd4 Nc6 14. d5 Nce5 15. a4 Rb8 16. axb5 axb5 17. Nxe5 Nxe5 18. f4 Ng6 19. Nf3 Bh4 20. Rf1 Bg3 21. f5 Ne5 22. Bd2 b4 23. b3 Re8 24.
Kh1 Nxf3 25. Qxf3 Be5 26. Ra7 Re7 27. Ra2 Rbb7 28. Bd3 Ra7 29. Rc2 Ra3 30. Bc4 Rea7 31. Bf4 Bxf4 32. Qxf4 f6 33. e5 fxe5 34. Qxe5 dxe5 35.
d6+ Kh8 36. f6 gxf6 37. Rcf2 Ra1 38. Kh2 Rxf1 0-1

[Event "*** Biggest EVER Titled Tuesday"]
[Site "Chess.com"]
[Date "2018.04.17"]
[Round "1"]
[White "Generalas"]
[Black "KenanGarayev"]
[Result "0-1"]
[WhiteElo "2156"]
[BlackElo "2523"]
[TimeControl "180+2"]
[EndTime "13:05:20 PDT"]
[Termination "KenanGarayev won by resignation"]

1. e4 c5 2. c3 Nf6 3. e5 Nd5 4. Nf3 Nc6 5. Bc4 Nb6 6. Bb3 d5 7. exd6 Qxd6 8. O-O g6 9. Na3 a6 10. Ng5 e6 11. Ne4 Qd8 12. Qf3 f5 13.
Ng3 Bg7 14. Re1 O-O 15. Bxe6+ Bxe6 16. Rxe6 Qd7 17. Re1 Ne5 18. Qd1 f4 19. Qb3+ Nd5 20. Ne4 f3 21. Nxc5 Qg4 22. Qxd5+ Kh8 0-1

[Event "*** Biggest EVER Titled Tuesday"]
[Site "Chess.com"]
[Date "2018.04.17"]
[Round "1"]
[White "AlexZambrano"]
[Black "Jospem"]
[Result "1-0"]
[WhiteElo "2415"]
[BlackElo "2685"]
[TimeControl "180+2"]
[EndTime "13:05:22 PDT"]
[Termination "AlexZambrano won by resignation"]

1. e4 c5 2. Nf3 d6 3. d4 cxd4 4. Nxd4 Nf6 5. Nc3 a6 6. f3 e6 7. Bc4 b5 8. Bb3 Be7 9. Be3 O-O 10. Qd2 Qc7 11. g4 Nc6 12. O-O-O Ne5 13. h4 Bb7 14. h5 b4 15. Na4 Nfd7 16. g5 Nc5 17. g6 Nxb3+ 18.
axb3 fxg6 19. Nxe6 Qc6 20. Nxf8 Rxf8 21. hxg6 Nxf3 22. Qd5+ Qxd5 23. gxh7+ Kh8 24. exd5 g5 25. Rh6 Bc8 26. Rf1 g4 27. Rxf3 gxf3 28. Bd4+ 1-0

[Event "*** Biggest EVER Titled Tuesday"]
[Site "Chess.com"]
[Date "2018.04.17"]
[Round "1"]
[White "HarutyunianTigranK"]
[Black "JosefineHeinemann"]
[Result "1-0"]
[WhiteElo "2703"]
[BlackElo "2362"]
[TimeControl "180+2"]
[EndTime "13:05:23 PDT"]
[Termination "HarutyunianTigranK won by resignation"]

1. c4 e5 2. Nc3 Nf6 3. Nf3 Nc6 4. e4 Bb4 5. d3 O-O 6. a3 Bxc3+ 7. bxc3 h6 8. g3 d6 9. Bg2 Be6 10. O-O Qd7 11. Nh4 g5 12. Qf3 Kg7 13. Nf5+ Bxf5 14. exf5 Rab8 15. g4 e4 16. dxe4 Ne5 17. Qg3 Nxc4 18.
h4 Ne5 19. hxg5 hxg5 20. Bxg5 Rh8 21. f4 Nexg4 22. Bxf6+ Kxf6 23. Qxg4 Rbg8 24. e5+ Ke7 25. f6+ Kd8 26. Qxd7+ Kxd7 27. Rf3 Rh4 28. Kf2 dxe5 29.
fxe5 Ke6 30. Re1 Rgh8 31. Ree3 b6 32. Bh3+ Kd5 33. e6 fxe6 34. f7 Rf8 35. Bxe6+ Kc5 36. Bb3 Rh2+ 37. Kg3 Rhh8 38. Re6 Kb5 39. Rf5+ Ka6 40.
Bc4+ Kb7 41. Bd5+ Kc8 42. Bc6 Kd8 43. Rfe5 1-0

[Event "*** Biggest EVER Titled Tuesday"]
[Site "Chess.com"]
[Date "2018.04.17"]
[Round "1"]
[White "pedroholly22"]
[Black "SabinoBrunello"]
[Result "0-1"]
[WhiteElo "2219"]
[BlackElo "2574"]
[TimeControl "180+2"]
[EndTime "13:05:26 PDT"]
[Termination "SabinoBrunello won on time"]

1. e4 e5 2. Nf3 Nc6 3. Bc4 Bc5 4. O-O Nf6 5. Qe2 O-O 6. c3 d6 7. h3 Bb6 8. b4 a5 9. b5 Ne7 10. Rd1 Ng6 11. d4 Qe7 12. Nbd2 h6 13. a4 Re8 14. dxe5 Nxe5 15. Nxe5 Qxe5 16. Ra3 Bxh3 17. gxh3 Qg3+ 18. Kf1 Qxh3+ 19. Ke1 d5 20. Bd3 dxe4 0-1

[Event "*** Biggest EVER Titled Tuesday"]
[Site "Chess.com"]
[Date "2018.04.17"]
[Round "1"]
[White "BillieKimbah"]
[Black "Daniela_Movileanu"]
[Result "1-0"]
[WhiteElo "2762"]
[BlackElo "2400"]
[TimeControl "180+2"]
[EndTime "13:05:28 PDT"]
[Termination "BillieKimbah won by resignation"]

1. e4 c5 2. Nf3 g6 3. d4 cxd4 4. Nxd4 Nc6 5. c4 Bg7 6. Be3 Nf6 7.
Nc3 O-O 8. Be2 d6 9. O-O Bd7 10.
Nc2 a5 11. Rc1 a4 12. Na3 Qa5 13. f3 Rac8 14. Qd2 Be6 15. Rfd1 Rfd8 16. Qe1 Ne5 17. Qf2 Nfd7 18. Nd5 Bxd5 19. cxd5 f5 20. f4 Ng4 21.
Bxg4 fxg4 22. Bd4 Qb4 23. Nc2 Qb5 24. Bxg7 Kxg7 25. Nd4 Qb4 26. Ne6+ Kg8 27. Nxd8 Rxd8 28. Qd4 Qb5 29. Rc7 Kf7 30. e5 dxe5 31. fxe5 1-0

[Event "*** Biggest EVER Titled Tuesday"]
[Site "Chess.com"]
[Date "2018.04.17"]
[Round "1"]
[White "daro94"]
[Black "Vamostodorecto"]
[Result "1-0"]
[WhiteElo "2707"]
[BlackElo "2367"]
[TimeControl "180+2"]
[EndTime "13:05:28 PDT"]
[Termination "daro94 won by resignation"]

1. e3 e5 2. c4 g6 3. Nc3 Bg7 4. g3 Ne7 5. Bg2 Nbc6 6. Nge2 d6 7. O-O O-O 8. Rb1 a5 9. b3 Bf5 10. d3 Qd7 11. Bb2 Bh3 12. Nd5 Bxg2 13. Kxg2 Nxd5 14. cxd5 Ne7 15. e4 a4 16. bxa4 Rxa4 17. Nc3 Ra6 18. Qb3 c6 19. Bc1 Rb8 20. Bg5 c5 21. Qb5 f6 22. Qxd7 1-0

[Event "*** Biggest EVER Titled Tuesday"]
[Site "Chess.com"]
[Date "2018.04.17"]
[Round "1"]
[White "Cocaino74"]
[Black "pulvettd"]
[Result "0-1"]
[WhiteElo "2148"]
[BlackElo "2517"]
[TimeControl "180+2"]
[EndTime "13:05:29 PDT"]
[Termination "pulvettd won by resignation"]

1. e4 c5 2. Nf3 d6 3. d4 cxd4 4.
Nxd4 Nf6 5. Nc3 a6 6. Bg5 e6 7. f4 h6 8. Bh4 g5 9. fxg5 hxg5 10. Bxg5 Nbd7 11. Bc4 Qa5 12. h4 Be7 13. Qf3 Ne5 14.
Qe2 Qc5 15. Rf1 Qxd4 16. Bb3 Nfg4 17. Rd1 Qc5 18. Bxe7 Kxe7 19. Nd5+ exd5 20. Rxd5 Qe3 21. Rxe5+ dxe5 22. Rxf7+ Ke8 0-1

[Event "*** Biggest EVER Titled Tuesday"]
[Site "Chess.com"]
[Date "2018.04.17"]
[Round "1"]
[White "PelinGorki"]
[Black "Buffy7"]
[Result "1-0"]
[WhiteElo "2414"]
[BlackElo "2740"]
[TimeControl "180+2"]
[EndTime "13:05:37 PDT"]
[Termination "PelinGorki won by resignation"]

1. e4 e6 2. d4 d5 3. Nc3 Bb4 4. e5 c5 5. a3 Bxc3+ 6. bxc3 Qa5 7. Bd2 Qa4 8. Qg4 Kf8 9. Qd1 b6 10. Ne2 Ba6 11. g3 Nc6 12. Be3 Nge7 13. Bh3 Qc4 14.
f4 Rc8 15. Kf2 Qxe2+ 16. Qxe2 Bxe2 17. Kxe2 cxd4 18. cxd4 Na5 19. Rhc1 g6 20. Bd2 Nc4 21. Bb4 a5 22. Bxe7+ Kxe7 23. Bf1 Rc6 24. a4 Rhc8 25. h4 h6 26. Ra2 g5 27. hxg5 hxg5 28. fxg5 Rh8 29.
Kf3 Rh1 30. c3 Kf8 31. Rf2 Kg7 32. Rb1 Kg6 33. Bxc4 1-0